 Dungeon Crawl Stone Soup version 0.28-a0-1524-ge72afd5fc6 (webtiles) character file.

Game seed: 10411559401419086386

171284 fragbeetle the Black Belt (level 17, -4/172 HPs)
             Began as a Pale Draconian Transmuter on Jan 17, 2022.
             Was an Initiate of Gozag.
             Slain by a caustic shrike simulacrum (9 damage)
             ... summoned by an orange crystal statue
             ... in an ice cave.
             The game lasted 02:15:49 (41961 turns).

fragbeetle the Black Belt (DrTm)                   Turns: 41961, Time: 02:15:49

Health: -4/172     AC:  8    Str: 16    XL:     17   Next: 39%
Magic:  11/27      EV: 34    Int: 13    God:    Gozag
Gold:   893        SH:  0    Dex: 17    Spells: 3/29 levels left

rFire   x . .      SeeInvis .     - Unarmed
rCold   + + +      Faith    .   (shield currently unavailable)
rNeg    . . .      Spirit   .   (armour unavailable)
rPois   +          Reflect  .   (helmet currently unavailable)
rElec   .          Harm     .   (cloak currently unavailable)
rCorr   .          Rampage  .   (gloves currently unavailable)
Will    ++...                   (boots currently unavailable)
Stlth   ++........              j - amulet of the acrobat
HPRegen 0.38/turn               t - ring of poison resistance
MPRegen 0.20/turn               n - ring "Hihulo" {Fly Will+ EV+4}

@: ice-form, acrobatic, flying
A: freezing attack, amphibious, boosted hp, (breathe steam), AC +9, large,
unfitting armour, (cold-blooded), (steam resistance)
a: End Transformation, Renounce Religion, Potion Petition, Call Merchant, Bribe
Branch


You were in an ice cave.
You worshipped Gozag.
Gozag was pleased with you.
You were a creature of crystalline ice.
You visited 5 branches of the dungeon, and saw 28 of its levels.
You also visited: Ossuary, Gauntlet and Ice Cave.

You collected 9156 gold pieces.
You spent 1904 gold pieces at shops.
You paid 6359 gold pieces to Gozag.

Inventory:

Missiles
 b - 26 boomerangs
 v - 26 poisoned darts
 L - 2 atropa-tipped darts
Armour
 r - a +2 buckler
 x - a +0 pair of gloves (melded)
 I - a +2 cloak (melded)
Magical Staves
 o - a staff of air (melded)
Jewellery
 a - an amulet of regeneration
 h - a +4 ring of protection
 j - an amulet of the acrobat (around neck)
 m - the ring of Kaocai {rElec rN+ Dex+3}
   (You acquired it on level 2 of the Orcish Mines)

   [ring of positive energy]

   Dex:       It affects your dexterity (+3).
   rElec:     It insulates you from electricity.
   rN:        It protects you from negative energy.
 n - the ring "Hihulo" (right front paw) {Fly Will+ EV+4}
   (You took it off a hobgoblin on level 2 of the Dungeon)

   [ring of evasion]

   EV:        It affects your evasion (+4).
   Fly:       It grants you flight.
   Will:      It increases your willpower.
 t - a ring of poison resistance (left front paw)
 w - a ring of resist corrosion
 G - a ring of see invisible
 R - a ring of protection from cold
 Y - an amulet of reflection
Wands
 p - a wand of digging (3)
 q - a wand of flame (52)
 A - a wand of paralysis (36)
 B - a wand of charming (33)
 H - a wand of acid (4)
 X - a wand of iceblast (8)
Scrolls
 d - 2 scrolls of magic mapping
 g - 22 scrolls of teleportation
 i - a scroll of enchant weapon
 s - 7 scrolls of fog
 y - 2 scrolls of amnesia
 C - 10 scrolls of fear
 E - 2 scrolls of silence
 F - a scroll of holy word
 N - 3 scrolls of blinking
 U - a scroll of summoning
Potions
 e - 11 potions of curing
 f - 4 potions of haste
 k - 2 potions of magic
 l - a potion of invisibility
 u - a potion of resistance
 z - a potion of heal wounds
 J - 2 potions of cancellation
 K - 6 potions of ambrosia
 M - 3 potions of brilliance
 O - 3 potions of might
 Q - 6 potions of lignification
Miscellaneous
 P - a phantom mirror
 T - a lightning rod (4/4)


   Skills:
 + Level 11.4 Fighting
 + Level 9.9 Dodging
 * Level 15.2 Unarmed Combat
 + Level 6.7 Spellcasting
 - Level 6.0 Summonings
 * Level 12.6 Transmutations
 - Level 7.0 Ice Magic
 + Level 10.9 Air Magic
 * Level 9.9 Earth Magic
 - Level 7.2 Poison Magic
 - Level 4.0 Evocations


You had 3 spell levels left.
You knew the following spells:

 Your Spells              Type           Power      Damage    Failure   Level
a - Ozocubu's Armour      Ice            22%        N/A       2%          3
b - Summon Lightning Spi  Summ/Air       26%        N/A       4%          4
c - Ice Form              Ice/Tmut       30%        N/A       2%          4
d - Passwall              Tmut/Erth      27%        N/A       1%          2
e - Olgreb's Toxic Radia  Pois           23%        N/A       8%          4
f - Summon Ice Beast      Ice/Summ       21%        N/A       11%         4
q - Blade Hands           Tmut           18%        N/A       2%          5

Your spell library contained the following spells:

 Spells                   Type           Power      Damage    Failure   Level
 Beastly Appendage        Tmut           74%        N/A       1%          1
 Sandblast                Erth           60%        2d14      1%          1
 Shock                    Conj/Air       72%        1d7       1%          1
 Sting                    Tmut/Pois      100%       1d8       1%          1
 Summon Small Mammal      Summ           76%        N/A       1%          1
 Poisonous Vapours        Pois/Air       56%        N/A       1%          2
 Wereblood                Tmut           37%        N/A       1%          2
 Spider Form              Tmut/Pois      30%        N/A       1%          3
 Swiftness                Air            32%        N/A       1%          3
 Call Canine Familiar     Summ           19%        N/A       4%          3
 Ensorcelled Hibernation  Hex/Ice        26%        N/A       5%          2
 Stone Arrow              Conj/Erth      34%        3d9       6%          3
 Summon Guardian Golem    Hex/Summ       12%        N/A       14%         3
 Animate Skeleton         Necr           8%         N/A       16%         1
 Apportation              Tloc           8%         N/A       16%         1
 Slow                     Hex            16%        N/A       16%         1
 Confusing Touch          Hex            4%         N/A       43%         3
 Dazzling Flash           Conj/Hex       8%         N/A       43%         3
 Gell's Gravitas          Tloc           4%         N/A       43%         3
 Lesser Beckoning         Tloc           4%         N/A       43%         3
 Teleport Other           Tloc           4%         N/A       43%         3
 Tukima's Dance           Hex            4%         N/A       43%         3
 Vampiric Draining        Necr           4%         2d6       43%         3
 Airstrike                Air            16%        N/A       1%          4
 Alistair's Intoxication  Tmut/Pois      20%        N/A       8%          5
 Lee's Rapid Deconstruct  Erth           15%        3d11*     8%          5
 Statue Form              Tmut/Erth      22%        N/A       24%         6
 Irradiate                Conj/Tmut      10%        3d16      32%         5
 Eringya's Noxious Bog    Tmut/Pois      15%        N/A       38%         6
 Borgnjor's Vile Clutch   Necr/Erth      8%         N/A       50%         5
 Dragon Form              Tmut           18%        N/A       58%         7
 Metabolic Englaciation   Hex/Ice        6%         N/A       71%         5
 Storm Form               Tmut/Air       17%        N/A       71%         7
 Summon Mana Viper        Hex/Summ       12%        N/A       77%         5
 Anguish                  Hex/Necr       2%         N/A       83%         4
 Animate Dead             Necr           2%         N/A       83%         4
 Iskenderun's Mystic Bla  Conj/Tloc      4%         2d3       83%         4
 Iron Shot                Conj/Erth      8%         9d3       97%         6
 Simulacrum               Ice/Necr       6%         N/A       99%         6
 Dispersal                Tloc           2%         N/A       100%        6
 Starburst                Conj/Fire      2%         6d3       100%        6
 Enfeeble                 Hex            2%         N/A       100%        7
 Haunt                    Necr/Summ      6%         N/A       100%        7
 Monstrous Menagerie      Summ           9%         N/A       100%        7
 Ozocubu's Refrigeration  Ice            11%        4d7       100%        7
 Borgnjor's Revivificati  Necr           2%         N/A       100%        8
 Infestation              Necr           2%         N/A       100%        8
 Maxwell's Capacitive Co  Air            16%        ∞         100%        8
 Necromutation            Tmut/Necr      10%        N/A       100%        8
 Death's Door             Necr           2%         N/A       100%        9
 Shatter                  Erth           15%        3d15*     100%        9


Dungeon Overview and Level Annotations

Branches:
Dungeon (15/15)            Temple (1/1) D:4            Lair (6/6) D:9
  Swamp (4/4) Lair:3        Snake (0/4) Lair:4        Slime (0/5) Lair:6
    Orc (2/2) D:10            Elf (0/3) Orc:2        Vaults (0/5) D:13
 Depths (0/4) D:15        Ossuary (visited)           IceCv (1/1)
Gauntlet (visited)

Altars:
Ashenzari
Cheibriados
Dithmenos
Elyvilon
Fedhas
Gozag
Hepliaklqana
Kikubaaqudgha
Makhleb
Nemelex Xobeh
Okawaru
Qazlal
Ru
Sif Muna
Trog
Uskayaw
Vehumet
Wu Jian
Xom
Yredelemnul
Zin
The Shining One
Beogh
Jiyva

Shops:
D:6 *   D:7 =   D:10 =   D:14 :   Orc:1 !   Orc:2 ::(***   Lair:1 :**

Annotations:
D:13 Frances
D:15 3 runed translucent doors, Zoufau's ghost, adept DsFi
Lair:6 1 runed translucent door IceCv exclusion: 2 orange crystal statues


Innate Abilities, Weirdness & Mutations

You are a creature of crystalline ice.
You have a powerful freezing melee attack.
You are amphibious.
Your maximum health is increased.
Your armour is entirely melded.
You are incapable of wielding weapons or throwing items.
((You can breathe blasts of scalding, opaque steam.))
((Your pale cyan-grey scales are hard. (AC +9)))
You cannot fit into any form of body armour.
((You are cold-blooded and may be slowed by cold attacks.))
((You are immune to the effects of steam.))


Message History

The harpy simulacrum claws you but does no damage.
The harpy simulacrum barely misses you.
Your lightning spire shoots out a bolt of lightning at the harpy simulacrum!
The bolt of electricity hits the golden dragon simulacrum.
The bolt of electricity hits the harpy simulacrum!
You hit the harpy simulacrum but do no damage.
The harpy simulacrum is severely damaged.
The harpy simulacrum claws you but does no damage.
The harpy simulacrum barely misses you.
Your lightning spire shoots out a bolt of lightning at the harpy simulacrum!
The bolt of electricity hits the dire elephant simulacrum!
The bolt of electricity hits the golden dragon simulacrum.
The bolt of electricity hits the harpy simulacrum!
The harpy simulacrum vaporises!
You hit the golden dragon simulacrum but do no damage.
The golden dragon simulacrum is lightly damaged.
You hit the golden dragon simulacrum.
The golden dragon simulacrum is moderately damaged.
The golden dragon simulacrum bites you!!
* * * LOW HITPOINT WARNING * * *
The golden dragon simulacrum freezes you.
You resist.
* * * LOW HITPOINT WARNING * * *
The golden dragon simulacrum completely misses you.
The golden dragon simulacrum tramples you.
* * * LOW HITPOINT WARNING * * *
You are shoved backwards!
You feel much better.
The caustic shrike simulacrum misses you.
The caustic shrike simulacrum claws you!!
* * * LOW HITPOINT WARNING * * *
The caustic shrike simulacrum freezes you!
You resist.
* * * LOW HITPOINT WARNING * * *
The caustic shrike simulacrum claws you!!
* * * LOW HITPOINT WARNING * * *
The caustic shrike simulacrum freezes you!
You resist.
You die...
Your body crumbles into a pile of gold.

#...∩...#
#.......#
#.......#
#...∩...#
##.....##
##...##
##.##
##...##
##..Y..##
#...Z...#
#....Z..#
#(......#
#...Z..[#
#.[....)#
####.####
#......8#
#.......#


You could see a dire elephant simulacrum (summoned), a golden dragon simulacrum
(summoned) and a caustic shrike simulacrum (summoned).

Vanquished Creatures
  A tentacled monstrosity (Swamp:2)
  A thorn hunter (Swamp:2)
  A very ugly thing (IceCv)
  2 bunyips (Swamp:3)
  2 eleionomae
  A minotaur (Gauntlet)
  2 fire dragons (D:15)
  A shambling mangrove (Swamp:1)
  3 vault guards (D:13)
  A caustic shrike simulacrum (IceCv)
  2 ghost crabs
  Erolcha (Orc:2)
  3 ogre magi (Orc:2)
  17 hydras
  2 centaur warriors
  5 catoblepae
  3 alligators
  23 two-headed ogres
  Urug (D:12)
  3 death yaks (Lair:5)
  A tengu warrior (D:10)
  2 sixfirhies (Gauntlet)
  3 goliath frogs (Swamp:3)
  5 swamp dragons
  2 spriggan druids (Swamp:3)
  A death drake (Swamp:3)
  5 orc knights
  3 bog bodies
  Pikel (D:6)
  4 deep elf pyromancers
  20 ugly things
  2 manticores
  5 cyclopes
  A large abomination (Gauntlet)
  A will-o-the-wisp (Swamp:1)
  A black mamba (shapeshifter) (D:14)
  7 black mambas
  An eye of devastation (Gauntlet)
  15 cane toads
  2 kobold demonologists
  A torpor snail (Lair:6)
  A gargoyle (D:12)
  A rime drake (Lair:6)
  A tengu conjurer (D:10)
  An efreet (D:15)
  9 komodo dragons
  An unseen horror (D:12)
  2 freezing wraiths (IceCv)
  3 golden dragon simulacra (IceCv)
  A yaktaur (shapeshifter) (D:15)
  6 trolls
  7 polar bears
  Prince Ribbit (Lair:2)
  5 tyrant leeches
  6 meliai
  6 hornets
  A dream sheep (Lair:6)
  16 blink frogs
  A centaur simulacrum (D:10)
  A wyvern (D:11)
  36 yaks
  15 spriggans
  8 humans (D:13)
  8 basilisks
  2 steam dragons (D:8)
  2 wraiths (D:9)
  A golden eye (Gauntlet)
  8 vampire mosquitoes
  A warg (Orc:2)
  15 swamp worms
  2 acid dragons
  37 water moccasins
  Duvessa (D:5)
  2 nagas (Lair:4)
  2 hydra simulacra (IceCv)
  4 black bears
  An ice beast (D:6)
  17 orc warriors
  2 sky beasts (D:5)
  A hornet zombie (D:5)
  3 swamp drakes
  An alligator simulacrum (IceCv)
  4 boggarts (Lair:6)
  An ettin simulacrum (IceCv)
  8 centaurs
  28 ogres
  24 wolves
  4 lemures (D:6)
  3 kobold brigands (D:13)
  3 nameless horrors
  Blork the orc (D:5)
  12 bullfrogs
  2 gnoll sergeants
  A wyvern zombie (D:7)
  2 water moccasin skeletons (D:6)
  Dowan (D:5)
  3 small abominations (Gauntlet)
  A lindwurm simulacrum (IceCv)
  25 killer bees
  10 wights
  9 electric eels
  A howler monkey (D:4)
  A jelly (D:5)
  A centaur zombie (D:10)
  6 hounds (D:9)
  17 orc priests
  A bullfrog skeleton (D:6)
  Crazy Yiuf (D:7)
  Jessica (D:2)
  A scorpion zombie (D:5)
  2 iguanas
  22 orc wizards
  Ijyb (D:5)
  A killer bee zombie (D:6)
  8 mummies (Ossuary)
  2 howler monkey zombies
  6 gnolls
  21 adders
  2 howler monkey skeletons
  2 ufetubi (D:5)
  2 adder skeletons (D:4)
  2 worms
  A dart slug (D:2)
  43 orcs
  13 bats
  An endoplasm (D:2)
  3 giant cockroaches
  8 goblins
  5 hobgoblins
  3 jackals (D:3)
  9 kobolds
  3 quokkas
  9 ball pythons
  3 frilled lizards
  2 gnoll zombies (Ossuary)
  3 hobgoblin zombies (Ossuary)
  A kobold zombie (Ossuary)
  An orc zombie (Ossuary)
  12 rats
  2 briar patches (Swamp:2)
762 creatures vanquished.

Vanquished Creatures (collateral kills)
  2 hydras
  An ogre mage (Orc:2)
  A tengu warrior (D:13)
  An alligator (Swamp:2)
  A death yak (Lair:5)
  A goliath frog (Swamp:1)
  A sixfirhy (Gauntlet)
  A bog body (Swamp:1)
  A cane toad (Lair:6)
  A queen bee (D:15)
  A tyrant leech (Swamp:3)
  A blink frog (Lair:5)
  A hornet (Lair:6)
  A dire elephant simulacrum (IceCv)
  2 spriggans (Lair:6)
  A yak (Lair:5)
  A warg (Orc:1)
  2 swamp worms
  2 hydra simulacra (IceCv)
  A swamp drake (Swamp:1)
  A wolf (Lair:6)
  2 ogres (Orc:2)
  2 lindwurm simulacra (IceCv)
  2 killer bees
  3 orc priests
  3 gnolls (D:11)
  10 orcs
47 creatures vanquished.

Vanquished Creatures (others)
  2 spriggan druids
  2 bloated husks
  2 spriggans (Swamp:1)
  A human (D:13)
  An orc zombie (Ossuary)
  2 bushes (Lair:5)
  8 foxfires (Swamp:1)
  58 fungi
  85 plants
161 creatures vanquished.

Grand Total: 970 creatures vanquished

Notes
Turn   | Place    | Note
-------+----------+-------------------------------------------
     0 | D:1      | fragbeetle the Draconian Transmuter began the quest for the
                  | Orb.
     0 | D:1      | Reached XP level 1. HP: 16/16 MP: 3/3
   218 | D:1      | Reached XP level 2. HP: 22/23 MP: 3/5
   542 | D:1      | You fall into a shaft and drop 1 floor!
   877 | D:1      | Reached XP level 3. HP: 29/29 MP: 4/6
  1255 | D:2      | Noticed Jessica
  1263 | D:2      | Killed Jessica
  1264 | D:2      | Reached XP level 4. HP: 32/36 MP: 5/7
  1424 | D:2      | Learned a level 3 spell: Spider Form
  1472 | D:2      | Identified the ring "Hihulo" {Fly Will+ EV+4}
  1887 | D:2      | Found a faded altar of an unknown god.
  1986 | D:3      | Reached skill level 4 in Unarmed Combat
  2360 | D:3      | Reached XP level 5. HP: 37/41 MP: 6/8
  2501 | D:3      | Reached skill level 1 in Poison Magic
  2519 | D:3      | Learned a level 4 spell: Ice Form
  2923 | D:3      | Found an ornate altar of the Wu Jian Council.
  3020 | D:3      | Found a radiant altar of Vehumet.
  3295 | D:4      | Found a staircase to the Ecumenical Temple.
  3308 | D:4      | Reached XP level 6. HP: 45/50 MP: 5/9
  3309 | Temple   | Entered the Ecumenical Temple
  3415 | Temple   | Became a worshipper of Gozag Ym Sagoz the Greedy
  3606 | D:4      | Reached skill level 1 in Ice Magic
  3991 | D:5      | Entered Level 5 of the Dungeon
  4179 | D:5      | Your scales start taking on a pale cyan-grey colour.
  4179 | D:5      | Reached XP level 7. HP: 56/56 MP: 8/10
  4179 | D:5      | Gained mutation: You are immune to the effects of steam.
                  | [Pale Draconian growth]
  4370 | D:5      | Noticed Ijyb
  4394 | D:5      | Killed Ijyb
  4506 | D:5      | Reached skill level 5 in Unarmed Combat
  4678 | D:5      | Found a hazy altar of Hepliaklqana.
  4687 | D:5      | Noticed Duvessa
  4716 | D:5      | Killed Duvessa
  4907 | D:5      | Reached XP level 8. HP: 37/63 MP: 8/11
  5135 | D:5      | Reached skill level 5 in Transmutations
  5389 | D:5      | Noticed Dowan
  5406 | D:5      | Killed Dowan
  6013 | D:5      | Noticed Blork the orc
  6032 | D:5      | Killed Blork the orc
  6033 | D:5      | Reached skill level 6 in Unarmed Combat
  6478 | D:6      | Found a sand-covered staircase.
  6483 | Ossuary  | Entered an ossuary
  7050 | D:6      | Bought a scroll of identify for 28 gold pieces
  7124 | D:6      | Noticed Pikel
  7231 | D:6      | Noticed a kobold demonologist
  7251 | D:6      | Killed a kobold demonologist
  7252 | D:6      | Reached XP level 9. HP: 61/72 MP: 9/12
  7352 | D:6      | Killed Pikel
  7353 | D:6      | Reached skill level 7 in Unarmed Combat
  7353 | D:6      | Reached skill level 5 in Ice Magic
  7469 | D:6      | Learned a level 2 spell: Passwall
  7904 | D:7      | Found a hide-covered altar of Uskayaw.
  7962 | D:7      | Found a burning altar of Makhleb.
  8017 | D:7      | Found a glowing golden altar of the Shining One.
  8054 | D:7      | Found a runed translucent door.
  8055 | D:7      | Noticed Crazy Yiuf
  8162 | D:7      | Found a shimmering altar of Xom.
  8185 | D:7      | Found a burning altar of Makhleb.
  8255 | D:7      | Reached skill level 5 in Fighting
  8360 | D:7      | Found a sparkling altar of Nemelex Xobeh.
  8654 | D:7      | Found Abruxt's Jewellery Shop.
  8679 | D:7      | Reached skill level 1 in Earth Magic
  8802 | D:7      | Found a white marble altar of Elyvilon.
  8877 | D:7      | Killed Crazy Yiuf
  9018 | D:8      | Learned a level 2 spell: Ensorcelled Hibernation
  9122 | D:8      | Reached XP level 10. HP: 78/81 MP: 5/13
  9277 | D:8      | Noticed a two-headed ogre
  9328 | D:8      | Identified the +7 long sword "Xutiecuf" {venom, Str+2
                  | Dex+3}
  9438 | D:8      | Noticed a two-headed ogre
  9454 | D:8      | HP: 4/97 [two-headed ogre (2)]
  9941 | D:8      | Killed a two-headed ogre
  9942 | D:8      | Reached skill level 5 in Dodging
  9942 | D:8      | Reached skill level 8 in Unarmed Combat
 10324 | D:8      | Killed a two-headed ogre
 10482 | D:8      | Found a bloodstained altar of Trog.
 10961 | D:9      | Identified the +2 leather armour of Paranoia {rPois rF+
                  | Str+3}
 11217 | D:9      | Reached skill level 1 in Evocations
 11425 | D:9      | Found a staircase to the Lair.
 11584 | Lair:1   | Entered Level 1 of the Lair of Beasts
 11592 | Lair:1   | Bought an emerald potion for 19 gold pieces
 12044 | D:9      | Reached XP level 11. HP: 90/90 MP: 9/14
 12145 | D:10     | Entered Level 10 of the Dungeon
 12206 | D:10     | Reached skill level 9 in Unarmed Combat
 12509 | D:10     | Found a staircase to the Orcish Mines.
 12709 | D:10     | Noticed a white ugly thing
 12781 | D:10     | Killed a white ugly thing
 13190 | D:10     | Learned a level 4 spell: Summon Ice Beast
 13361 | D:10     | Noticed a tengu warrior
 13952 | Lair:1   | Reached skill level 1 in Summonings
 14659 | Lair:2   | Noticed a four-headed hydra
 14668 | Lair:2   | Killed a four-headed hydra
 14669 | Lair:2   | Reached skill level 10 in Unarmed Combat
 14714 | Lair:2   | Noticed Prince Ribbit
 14797 | Lair:2   | Killed Prince Ribbit
 14936 | Lair:2   | Reached XP level 12. HP: 100/100 MP: 13/18
 15048 | Lair:1   | Reached skill level 1 in Air Magic
 15676 | Lair:2   | Reached skill level 5 in Earth Magic
 16402 | Lair:3   | Noticed a seven-headed hydra
 16459 | Lair:3   | Killed a seven-headed hydra
 16700 | Lair:3   | Found a staircase to the Swamp.
 16778 | Lair:3   | Noticed a catoblepas
 17575 | Lair:3   | Killed a catoblepas
 17850 | Lair:3   | Identified the +6 falchion "Ilotic" {vorpal, Int+3}
 18138 | Lair:3   | Reached skill level 11 in Unarmed Combat
 18468 | Lair:4   | Found a staircase to the Snake Pit.
 18583 | Lair:4   | Learned a level 4 spell: Summon Lightning Spire
 18731 | Lair:4   | Reached skill level 5 in Air Magic
 19239 | Lair:4   | Noticed a four-headed hydra
 19251 | Lair:4   | Killed a four-headed hydra
 19252 | Lair:4   | Reached XP level 13. HP: 108/108 MP: 11/19
 21610 | Lair:5   | Reached skill level 10 in Transmutations
 21916 | Lair:1   | Bought the Papyrus of Stones for 552 gold pieces
 21925 | Lair:1   | Learned a level 4 spell: Olgreb's Toxic Radiance
 22059 | Lair:6   | Entered Level 6 of the Lair of Beasts
 22066 | Lair:6   | Found a gate leading to a gauntlet.
 22103 | Gauntlet | Entered a Gauntlet
 22103 | Gauntlet | Found a transporter.
 22103 | Gauntlet | Found a transporter.
 22105 | Gauntlet | Found a transporter.
 22105 | Gauntlet | Found a transporter.
 22109 | Gauntlet | Found a transporter.
 22109 | Gauntlet | Found a transporter.
 22139 | Gauntlet | Found a runed translucent gate.
 22139 | Gauntlet | Found a runed translucent gate.
 22139 | Gauntlet | Found a runed translucent gate.
 22141 | Gauntlet | Found a transporter.
 22145 | Gauntlet | Found a transporter.
 22154 | Gauntlet | Noticed a reaper
 22155 | Gauntlet | Found a runed translucent door.
 22158 | Gauntlet | Found a transporter.
 22172 | Gauntlet | Found a transporter.
 22189 | Gauntlet | Found a transporter.
 22190 | Gauntlet | Found a transporter.
 22192 | Gauntlet | Found a runed translucent door.
 22194 | Gauntlet | Found a runed translucent door.
 22248 | Gauntlet | Reached skill level 5 in Summonings
 22611 | Gauntlet | Reached skill level 12 in Unarmed Combat
 22616 | Gauntlet | Reached skill level 5 in Poison Magic
 22793 | Gauntlet | Identified the +6 scale mail of Youthful Indiscretion
                  | {Drain +Blink Int-5 Stlth+}
 22793 | Gauntlet | Noticed a minotaur
 22812 | Gauntlet | Killed a minotaur
 23403 | Lair:6   | Found a runed translucent door.
 23404 | Lair:6   | Found a viscous altar of Jiyva.
 23769 | Lair:6   | Found a staircase to the Slime Pits.
 24210 | Lair:6   | Reached XP level 14. HP: 118/118 MP: 17/20
 25528 | D:10     | Found a runed translucent door.
 26824 | Orc:1    | Entered Level 1 of the Orcish Mines
 27345 | Orc:1    | Found Meaj's Distillery.
 27352 | Orc:1    | Bought a potion of invisibility for 120 gold pieces
 27632 | Orc:2    | Entered Level 2 of the Orcish Mines
 27692 | Orc:2    | Found a staircase to the Elven Halls.
 27983 | Orc:2    | Noticed Erolcha
 28017 | Orc:2    | Killed Erolcha
 28081 | Orc:2    | Reached skill level 13 in Unarmed Combat
 28157 | Orc:2    | Paralysed by an ogre mage for 4 turns
 28301 | Orc:2    | Reached skill level 10 in Fighting
 28388 | Orc:2    | Found Onealys's Antique Weapon Boutique.
 28388 | Orc:2    | Found Ulilow's Book Shoppe.
 28388 | Orc:2    | Found Sagy's General Store.
 28388 | Orc:2    | Found Gunyb's Book Boutique.
 28400 | Orc:2    | Bought a potion of lignification for 39 gold pieces
 28400 | Orc:2    | Bought a potion of magic for 104 gold pieces
 28400 | Orc:2    | Bought a scroll of identify for 26 gold pieces
 28406 | Orc:2    | Bought a book of Transfigurations for 520 gold pieces
 28851 | Orc:2    | Found Tylissuh's Specific Store.
 28855 | Orc:2    | Found Niopou's General Store.
 28858 | Orc:2    | Bought a scroll of identify for 30 gold pieces
 28858 | Orc:2    | Bought a scroll of magic mapping for 52 gold pieces
 28863 | Orc:2    | Identified a scroll of acquirement
 28870 | Orc:2    | Acquired the ring of Kaocai {rElec rN+ Dex+3}
 29128 | Orc:2    | Reached skill level 5 in Spellcasting
 29128 | Orc:2    | Reached XP level 15. HP: 114/126 MP: 18/22
 29519 | D:11     | Learned a level 5 spell: Blade Hands
 30386 | D:12     | Noticed Urug
 30398 | D:12     | Killed Urug
 30785 | D:13     | Noticed Frances
 31137 | D:13     | Found a gate to the Vaults.
 32262 | D:14     | Got the Volume of the Mountains and Weightlessness
 32839 | D:14     | Reached skill level 14 in Unarmed Combat
 32839 | D:14     | Reached XP level 16. HP: 136/136 MP: 22/24
 32903 | D:14     | Reached skill level 10 in Air Magic
 33603 | D:14     | Found an opulent altar of Gozag.
 33624 | D:14     | Bought Ozocubu's Autobiography for 312 gold pieces
 33628 | D:14     | Learned a level 3 spell: Ozocubu's Armour
 33772 | D:15     | Entered Level 15 of the Dungeon
 34989 | D:15     | Found a staircase to the Depths.
 35243 | D:15     | Found a runed translucent gate.
 35243 | D:15     | Found a runed translucent gate.
 35252 | D:15     | Noticed Zoufau's ghost (adept DsFi)
 35254 | D:15     | Found a runed translucent gate.
 36181 | Swamp:1  | Entered Level 1 of the Swamp
 37674 | Swamp:2  | Noticed a tentacled monstrosity
 37687 | Swamp:2  | Killed a tentacled monstrosity
 38024 | Swamp:2  | Reached XP level 17. HP: 109/144 MP: 17/26
 39321 | Lair:1   | Bought a scroll of teleportation for 51 gold pieces
 39321 | Lair:1   | Bought a scroll of teleportation for 51 gold pieces
 39856 | Swamp:3  | Reached skill level 15 in Unarmed Combat
 41094 | Swamp:4  | Entered Level 4 of the Swamp
 41174 | Swamp:4  | Found a frozen archway.
 41180 | IceCv    | Entered an ice cave
 41961 | IceCv    | HP: 5/172 [caustic shrike simulacrum[an orange crystal
                  | statue] (23)]
 41961 | IceCv    | Slain by a caustic shrike simulacrum

Illustrated notes

Levels and vault maps discovered:
D:1:      wander_arrival_desolate, layout_loops_ring, minmay_misc_feat_plants,
          chequers_jeans, chequers_garden, minmay_rat_gold_closets
D:2:      layout_basic, dreamdust_ecumenical_altar_hidden_monk_grotto,
          kennysheep_generic_room_3, uniq_jessica
D:3:      layout_rooms, pdpol_wu_jian_five_deadly_venoms,
          nicolae_overflow_hidden_temple, roderic_lattice_a,
          hangedman_glass_garden
D:4:      layout_layer_cave, minmay_temple_entry_ruins
D:5:      layout_basic, mainiacjoe_overflow_cross_hatched, uniq_blork_the_orc,
          uniq_duvessa, uniq_ijyb
D:6:      layout_layer_cave, enter_ossuary_2, uniq_pikel
D:7:      layout_basic, tso_oasis_becter, mainiacjoe_overflow_six_doors_small,
          nicolae_overflow_quartered_altars, minmay_misc_feat_iff,
          kennysheep_flooded_box, nicolae_stop_n_shop_1,
          kennysheep_generic_room_10, uniq_crazy_yiuf_cottage
D:8:      layout_basic, trog_book
D:9:      layout_layer_cave, erik_lair_island
D:10:     layout_long_grid, david_orc_4, serial_bayou, serial_bayou_pond_c,
          serial_bayou_lake_a, serial_bayou_crossing, serial_bayou_pond_e,
          wad_hexagon
D:11:     layout_loops_ring
D:12:     layout_roguey, uniq_urug
D:13:     layout_loops_ring, ximxim_vaults_locker_room, uniq_frances
D:14:     layout_cave_pools, nicolae_gozag_cash_rules_everything_around_me
D:15:     grunt_enter_depths_hoard, layout_loops_cross, minmay_misc_feat_room,
          gammafunk_ghost_hydra_chop, minmay_misc_feat_rows, minivault_25_ag,
          chequers_serial_rivers_room_b, minivault_7
Temple:   nicolae_temple_hex_pool
Lair:1:   layout_roguey, lemuel_old_faithful, serial_bayou_shore_a
Lair:2:   lemuel_reptile_caves, layout_long_grid, serial_bayou_pond_e,
          grunt_megastairs_4, uniq_prince_ribbit2
Lair:3:   layout_misc_corridors, minmay_swamp_entry_reptiles
Lair:4:   layout_hall_layers, guppyfry_snake_entry_garden
Lair:5:   layout_layer_cave, infiniplex_staircase_pool, grunt_megastairs_1
Lair:6:   minmay_lair_end_enchanted_forest, layout_misc_corridors,
          slime_altar_2, gauntlet_entry_generic, minmay_stone_trees_small
Swamp:1:  layout_falls_marsh, evilmike_swamp_ruin_house_4
Swamp:2:  layout_falls_marsh, evilmike_swamp_ruin_house_5
Swamp:3:  layout_falls_marsh, nicolae_swamp_feature_on_the_river_bank
Swamp:4:  swamp, layout_basic_swamp, gammafunk_ghost_necromancy,
          portal_ice_cave_entry_pillars_four, uniq_roxanne, uniq_donald
Orc:1:    layout_diamond_mine, serial_shops, shop, abandoned_shop
Orc:2:    st_orc_ogre_mass, layout_caves, nicolae_specific_store, mines1_david,
          uniq_erolcha
IceCv:    ice_cave_statue_garden_chambered

Skill      XL: |  1  2  3  4  5  6  7  8  9 10 11 12 13 14 15 16 17 |
---------------+----------------------------------------------------+-----
Dodging        | 2 3 4 5 6 7 8 9 |  9.9
Fighting       | 2 3 4 5 6 7 8 9 10 11 | 11.4
Transmutations | 3 4 6 7 8 9 10 11 12 | 12.6
Unarmed Combat | 4 5 6 7 8 10 11 12 13 14 15 | 15.2
Poison Magic   | 1 2 3 4 5 6 7 |  7.2
Ice Magic      | 1 3 4 6 7 |  7.0
Earth Magic    | 1 3 4 6 7 8 9 |  9.9
Evocations     | 1 4 |  4.0
Spellcasting   | 4 5 6 |  6.7
Summonings     | 2 4 5 6 |  6.0
Air Magic      | 5 7 8 9 10 | 10.9

Action                   |  1- 3 |  4- 6 |  7- 9 | 10-12 | 13-15 | 16-18 || total
-------------------------+-------+-------+-------+-------+-------+-------++-------
Melee: Unarmed           |    95 |   174 |   322 |   620 |   783 |   368 ||  2362
       Headbutt          |    11 |    17 |    37 |     4 |     1 |       ||    70
       Tailslap          |     8 |    13 |    26 |     4 |    36 |    47 ||   134
       Kick              |    12 |    31 |    45 |     8 |     4 |       ||   100
       Punch             |       |     2 |     5 |       |    22 |    39 ||    68
       Staff             |       |       |       |       |       |     2 ||     2
Throw: Dart              |       |       |       |       |     1 |       ||     1
 Cast: Beastly Appendage |    28 |    37 |    21 |     6 |     2 |       ||    94
       Spider Form       |       |     6 |    14 |     1 |       |       ||    21
       Ice Form          |       |       |    10 |    88 |    85 |    19 ||   202
       Summon Ice Beast  |       |       |       |     1 |    23 |     6 ||    30
       Summon Lightning  |       |       |       |       |    34 |    48 ||    82
       Olgreb's Toxic Ra |       |       |       |       |     8 |    19 ||    27
       Blade Hands       |       |       |       |       |    21 |    47 ||    68
Invok: Call Merchant     |       |       |     1 |     2 |     1 |     2 ||     6
       Potion Petition   |       |       |       |       |     1 |       ||     1
 Abil: Breathe Steam     |       |       |     3 |    18 |     5 |       ||    26
       End Transformatio |       |       |     1 |    10 |     1 |     1 ||    13
Evoke: Wand              |       |       |     3 |       |     1 |     1 ||     5
       Lightning rod     |       |       |       |       |     1 |       ||     1
  Use: Scroll            |       |       |    13 |     8 |    17 |     2 ||    40
       Potion            |       |       |     2 |     3 |     4 |     4 ||    13
 Stab: Distracted        |       |       |       |     2 |     9 |     7 ||    18
       Petrified         |       |       |       |       |     6 |       ||     6
       Sleeping          |       |       |       |       |     1 |       ||     1
Armor: Skin              |    29 |    28 |    30 |   111 |   153 |    87 ||   438
Dodge: Dodged            |    69 |   114 |   256 |   439 |   543 |   400 ||  1821

Table legend: (Time is in decaauts)
 A = Elapsed time spent in this place.
 B = Non-inter-level travel time spent in this place.
 C = Inter-level travel time spent in this place.
 D = Time resting spent in this place.
 E = Time spent auto-exploring this place.
 F = Levels seen in this place.
 G = Mean time per level.
                   A        B        C        D        E       F      G
               +--------+--------+--------+--------+--------+-----+--------+
         Total |  41532 |  39558 |   1974 |   9693 |  17599 |  31 | 1339.7 |
       Dungeon |  20730 |  20099 |    631 |   4024 |  10433 |  15 | 1382.0 |
        Temple |    125 |    125 |      0 |      0 |     89 |   1 |  125.0 |
          Lair |  11303 |  10205 |   1098 |   2506 |   4019 |   6 | 1883.8 |
         Swamp |   4726 |   4534 |    192 |   1796 |   1659 |   4 | 1181.5 |
  Orcish Mines |   2361 |   2309 |     52 |    199 |   1006 |   2 | 1180.5 |
       Ossuary |    557 |    557 |      0 |    231 |    134 |   1 |  557.0 |
      Ice Cave |    766 |    766 |      0 |    568 |      0 |   1 |  766.0 |
      Gauntlet |    961 |    961 |      0 |    368 |    259 |   1 |  961.0 |
               +--------+--------+--------+--------+--------+-----+--------+

Top non-repeatable levels by time:
  Lair:2: 2392 daAuts
     D:5: 2137 daAuts
  Lair:5: 2119 daAuts
    D:14: 2118 daAuts
    D:10: 2023 daAuts
  Lair:4: 1832 daAuts
    D:13: 1781 daAuts
  Lair:1: 1755 daAuts
  Lair:6: 1680 daAuts
   Orc:2: 1649 daAuts
     D:9: 1632 daAuts
 Swamp:2: 1611 daAuts
 Swamp:1: 1570 daAuts
  Lair:3: 1523 daAuts
 Swamp:3: 1463 daAuts
